 Dungeon Crawl Stone Soup version 0.28.0-53-g5a82cb258f (webtiles) character file.

Game seed: 321167778891576072

2394 Ashen the Ogre Mage (level 9, 0/88 HPs)
             Began as an Ogre Air Elementalist on June 27, 2022.
             Was a Follower of Vehumet.
             Shot with an arrow by a centaur (11 damage)
             ... on level 7 of the Dungeon.
             The game lasted 00:15:16 (10025 turns).

Ashen the Ogre Mage (Ogre Air Elementalist)        Turns: 10025, Time: 00:15:17

Health: 0/88       AC:  3    Str: 14    XL:     9   Next: 46%
Magic:  4/18       EV: 11    Int: 20    God:    Vehumet [*.....]
Gold:   252        SH:  0    Dex: 15    Spells: 10/20 levels left

rFire   + . .      SeeInvis .   E - +0 giant club
rCold   . . .      Faith    .   (shield currently unavailable)
rNeg    . . .      Spirit   .   m - +0 robe "Judgh" {rF+ Will++}
rPois   .          Reflect  .   (helmet restricted)
rElec   .          Harm     .   (no cloak)
rCorr   .          Rampage  .   (gloves unavailable)
Will    ++...                   (boots unavailable)
Stlth   +++.......              (no amulet)
HPRegen 0.24/turn               y - +6 ring of dexterity
MPRegen 0.16/turn               (no ring)

@: no status effects
A: large, unfitting armour, tough skin 1
a: Renounce Religion


You were on level 7 of the Dungeon.
You worshipped Vehumet.
Vehumet was aware of your devotion.
You visited 2 branches of the dungeon, and saw 8 of its levels.

You collected 252 gold pieces.

Inventory:

Hand Weapons
 o - a +3 whip of venom
 E - a +0 giant club (weapon)
Missiles
 v - 5 throwing nets
Armour
 m - the +0 robe "Judgh" (worn) {rF+ Will++}
   (You found it on level 2 of the Dungeon)

   rF:        It protects you from fire.
   Will:      It greatly increases your willpower.
 F - an orb of energy
Jewellery
 h - an amulet of guardian spirit
 y - a +6 ring of dexterity (left hand)
Wands
 C - a wand of iceblast (2)
Scrolls
 a - a scroll of magic mapping {unknown}
 c - 2 scrolls of immolation {unknown}
 d - 3 scrolls of enchant armour {unknown}
 f - 2 scrolls of enchant weapon {unknown}
 g - a scroll of summoning {unknown}
 j - 4 scrolls of teleportation {unknown}
 k - a scroll of fear {unknown}
 q - a scroll of noise {unknown}
 w - a scroll of holy word {unknown}
 x - 5 scrolls of identify {unknown}
 A - a scroll of vulnerability {unknown}
 D - a scroll of silence {unknown}
Potions
 b - 3 potions of resistance {unknown}
 e - 5 potions of curing {unknown}
 i - 2 potions of attraction {unknown}
 l - 3 potions of mutation {unknown}
 n - 3 potions of brilliance {unknown}
 p - 2 potions of heal wounds {unknown}
 r - a potion of lignification {unknown}
 s - 3 potions of might {unknown}
 t - 2 potions of magic {unknown}
 u - a potion of haste {unknown}
 z - 2 potions of cancellation {unknown}
 B - 2 potions of degeneration {unknown}


   Skills:
 - Level 5.0 Fighting
 + Level 4.1 Maces & Flails
 + Level 4.6 Dodging
 + Level 4.1 Stealth
 - Level 6.0 Spellcasting
 + Level 4.4 Conjurations
 - Level 5.0 Air Magic


You had 10 spell levels left.
You knew the following spells:

 Your Spells              Type           Power      Damage    Failure   Level
a - Shock                 Conj/Air       96%        1d9       1%          1
b - Static Discharge      Conj/Air       24%        N/A       2%          2
c - Swiftness             Air            26%        N/A       4%          3
d - Airstrike             Air            13%        N/A       13%         4

Your spell library contained the following spells:

 Spells                   Type           Power      Damage    Failure   Level
 Magic Dart               Conj           92%        1d7       1%          1
 Frozen Ramparts          Ice            12%        1d3       30%         3
 Ice Form                 Ice/Tmut       6%         N/A       71%         4
 Summon Ice Beast         Ice/Summ       6%         N/A       71%         4


Dungeon Overview and Level Annotations

Branches:
Dungeon (7/15)             Temple (1/1) D:5

Altars:
Ashenzari
Cheibriados
Dithmenos
Elyvilon
Fedhas
Gozag
Hepliaklqana
Kikubaaqudgha
Makhleb
Nemelex Xobeh
Okawaru
Qazlal
Ru
Sif Muna
Trog
Uskayaw
Vehumet
Wu Jian
Xom
Yredelemnul
Zin
The Shining One

Shops:
D:1 !

Annotations:
D:3 Grinder


Innate Abilities, Weirdness & Mutations

You are too large for most types of armour.
You have tough skin. (AC +1)


Message History

Casting: Airstrike (dangerous; 13% risk of failure)
Confirm with . or Enter, or press ? or * to list all spells.
Aiming: Airstrike (dangerous; 13% risk of failure)
Press: ? - help, Dir - move target, f/p - centaur
Aim: a centaur, wielding a +0 shortbow and quivering arrows (almost dead, empty space bonus: 4/8)
The air twists around and strikes the centaur!
You kill the centaur!
Vehumet accepts your kill.
You now have 252 gold pieces (gained 11).
Things that are here:
a +0 hand axe; an orb of energy; an orc corpse
F - an orb of energy A boulder beetle comes into view.
Casting: Airstrike (dangerous; 13% risk of failure)
Confirm with . or Enter, or press ? or * to list all spells.
Aiming: Airstrike (dangerous; 13% risk of failure)
Press: ? - help, Dir - move target, f - boulder beetle
Aim: a boulder beetle (wandering, hasn't noticed you, empty space bonus: 4/8)
The air twists around and strikes the boulder beetle.
The boulder beetle is lightly wounded.
Casting: Airstrike (dangerous; 13% risk of failure)
Confirm with . or Enter, or press ? or * to list all spells.
You don't have enough magic to cast this spell.
Unknown command.
Casting: Airstrike (dangerous; 13% risk of failure)
Confirm with . or Enter, or press ? or * to list all spells.
You don't have enough magic to cast this spell.
Unknown command.
Okay, then.
The boulder beetle curls into a ball and begins rolling!
Things that are here:
a +0 hand axe; an orc corpse The centaur shouts!
The centaur wields a +0 shortbow.
The centaur shoots an arrow.
The arrow closely misses you.
The centaur shoots an arrow.
The arrow barely misses you.
The centaur shoots an arrow.
The arrow hits you!
* * * LOW HITPOINT WARNING * * *
The centaur shoots an arrow.
The arrow barely misses you.
The centaur shoots an arrow.
The arrow hits you!
You die...

#.# #....#.## #.#
#..#..... #.#
#..>.#### #°# #.#.##
#B# #.#.# # ≈ #)#
#.#.# # ≈≈≈ #.# #.#.#
# .≈≈≈≈##.# #.#..
#.≈≈≈≈.@# #.#.#
#.c≈≈≈#..........#.#
###
##..c≈≈≈#.########....
... #....≈≈≈≈.# ###
#+#.c.≈≈≈≈≈.#
c...c.≈≈≈≈≈.#
..cc(≈≈≈≈≈≈.# #.#
≈..≈≈≈≈≈≈≈≈.# #.#
≈≈≈≈≈≈≈≈≈≈# ####.## ##


You could see a boulder beetle (rolling) and 4 centaurs.

Vanquished Creatures
  A water moccasin (D:7)
  Duvessa (D:6)
  An orc warrior (D:6)
  An ice beast (D:7)
  A black bear (D:6)
  A necrophage (D:5)
  4 ogres
  4 centaurs
  A kobold brigand (D:5)
  A bullfrog (D:5)
  Blork the orc (D:6)
  A scorpion (D:5)
  A wyvern skeleton (D:6)
  A water moccasin skeleton (D:6)
  Dowan (D:6)
  A howler monkey (D:3)
  2 centaur zombies
  2 hounds (D:4)
  A jelly (D:6)
  A bullfrog skeleton (D:6)
  A gnoll shaman (D:5)
  An orc priest (D:6)
  Jessica (D:2)
  Terence (D:3)
  3 iguanas
  2 orc wizards
  A hound zombie (D:5)
  Robin (D:2)
  7 adders
  8 gnolls
  An ufetubus (D:4)
  A worm (D:3)
  4 dart slugs
  22 orcs
  5 ball pythons
  6 bats
  6 endoplasms
  3 giant cockroaches
  22 goblins
  12 hobgoblins
  A quokka (D:1)
  4 frilled lizards (D:1)
  14 kobolds
  4 rats
159 creatures vanquished.

Vanquished Creatures (others)
  A plant (D:6)
1 creature vanquished.

Grand Total: 160 creatures vanquished

Notes
Turn   | Place    | Note
-------+----------+-------------------------------------------
     0 | D:1      | Ashen the Ogre Air Elementalist began the quest for the
                  | Orb.
     0 | D:1      | Reached XP level 1. HP: 16/16 MP: 3/3
    27 | D:1      | Reached skill level 1 in Conjurations
   215 | D:1      | Reached XP level 2. HP: 23/26 MP: 5/5
   271 | D:1      | Found Ekluegiru's Distillery.
   636 | D:1      | Reached XP level 3. HP: 32/32 MP: 2/7
   691 | D:1      | Reached skill level 1 in Fighting
  1153 | D:2      | HP: 1/33 [frozen (1)]
  1444 | D:2      | Found a faded altar of an unknown god.
  1484 | D:2      | Reached skill level 3 in Spellcasting
  1759 | D:2      | Reached XP level 4. HP: 40/41 MP: 5/8
  1772 | D:2      | Identified the +0 robe "Judgh" {rF+ Will++}
  2041 | D:3      | Noticed Robin
  2048 | D:3      | Reached skill level 1 in Maces & Flails
  2067 | D:2      | Killed Robin
  2153 | D:3      | Noticed Jessica
  2203 | D:2      | Killed Jessica
  2204 | D:2      | Reached XP level 5. HP: 17/49 MP: 10/10
  2698 | D:3      | Noticed Terence
  2714 | D:3      | Killed Terence
  2864 | D:3      | Noticed Grinder
  3092 | D:4      | Reached skill level 4 in Spellcasting
  3231 | D:4      | Reached XP level 6. HP: 58/58 MP: 12/12
  3819 | D:5      | Entered Level 5 of the Dungeon
  3824 | D:5      | Noticed a necrophage
  3975 | D:5      | Killed a necrophage
  4015 | D:5      | Found a glowing silver altar of Zin.
  4092 | D:5      | Reached XP level 7. HP: 40/67 MP: 10/14
  4456 | D:5      | Found a staircase to the Ecumenical Temple.
  4495 | Temple   | Entered the Ecumenical Temple
  4791 | Temple   | Became a worshipper of Vehumet
  4868 | D:5      | Reached skill level 5 in Spellcasting
  5414 | D:5      | Learned a level 2 spell: Static Discharge
  5418 | D:5      | Learned a level 3 spell: Swiftness
  5423 | D:5      | Learned a level 4 spell: Airstrike
  5720 | D:5      | Reached XP level 8. HP: 69/78 MP: 11/16
  6637 | D:6      | Reached skill level 6 in Spellcasting
  6882 | D:6      | Reached * piety under Vehumet
  6882 | D:6      | Offered knowledge of Magic Dart by Vehumet.
  6924 | D:6      | Noticed Duvessa
  6927 | D:6      | Noticed Dowan
  7002 | D:6      | Killed Duvessa
  7380 | D:6      | Noticed Blork the orc
  7401 | D:6      | Killed Blork the orc
  7704 | D:6      | Reached skill level 5 in Fighting
  7704 | D:6      | Reached XP level 9. HP: 57/88 MP: 18/18
  8055 | D:6      | Killed Dowan
  9217 | D:7      | Reached skill level 5 in Air Magic
 10019 | D:7      | Noticed a boulder beetle
 10025 | D:7      | Shot with an arrow by a centaur

Illustrated notes

Levels and vault maps discovered:
D:1:      evilmike_arrival_crescent, layout_rooms, serial_shops,
          nicolae_shop_waterfront
D:2:      layout_rooms, shapermc_ecumenical_altar_flowoftime,
          minmay_tromino_v4_a
D:3:      layout_rooms, chequers_serial_rivers_room_b, uniq_grinder,
          uniq_jessica, uniq_robin, uniq_terence
D:4:      layout_gridville
D:5:      layout_loops_ring, mainiacjoe_overflow_tiny_flanked,
          minmay_temple_entry_sparse_star, amethyst_killhole,
          minmay_misc_feat_five
D:6:      corexii_shantytown, layout_loops_cross, minmay_misc_feat_iff,
          uniq_duvessa, uniq_blork_the_orc
D:7:      layout_loops_ring, centaur_isle
Temple:   mainiacjoe_temple_hex_bubbles

Skill      XL: |  1  2  3  4  5  6  7  8  9 |
---------------+----------------------------+-----
Conjurations   | 1 2 3 4 |  4.4
Dodging        | 2 3 4 |  4.6
Fighting       | 1 2 3 5 |  5.0
Spellcasting   | 3 4 5 6 |  6.0
Air Magic      | 3 4 5 |  5.0
Maces & Flails | 1 2 3 4 |  4.1
Stealth        | 2 3 4 |  4.1

Action                   |  1- 3 |  4- 6 |  7- 9 || total
-------------------------+-------+-------+-------++-------
Melee: Unarmed           |     6 |       |       ||     6
       Whip              |    24 |   120 |   182 ||   326
       Punch             |       |     2 |     1 ||     3
       Giant club        |       |       |    12 ||    12
 Cast: Shock             |    57 |    40 |    46 ||   143
       Static Discharge  |       |       |    13 ||    13
       Airstrike         |       |       |     7 ||     7
Evoke: Wand              |       |       |     1 ||     1
 Stab: Sleeping          |       |       |     9 ||     9
Armor: Robe              |    26 |    37 |    38 ||   101
Dodge: Dodged            |    39 |    91 |   145 ||   275
